 Dungeon Sprint DCSS version 0.31-a0-1074-g0b22e4e0f1 (webtiles) character file.

Game seed: 11592062601107055630

53776 fingers the Imperceptible (level 15, -9/178 HPs)
             Began as a Human Fighter on Nov 28, 2023.
             Was a Follower of Uskayaw.
             Killed by the air
             ... invoked by a spriggan air mage
              (18 damage)
             ... while paralysed by an air elemental
             ... in the Dungeon (Sprint V: "Ziggurat Sprint").
             The game lasted 00:08:56 (1471 turns).

fingers the Imperceptible (Human Fighter)           Turns: 1471, Time: 00:08:57

Health: -9/178     AC: 37    Str: 38    XL:     15   Next: 11%
Magic:  15/15      EV:  2    Int: 10    God:    Uskayaw [*.....]
Gold:   0          SH:  0    Dex: 14    Spells: 14/14 levels left

rFire   + . .        B - +16 obsidian axe {drain, demonic, Mesm Drain Fly SInv}
rCold   + . .        D - +18 shield of the Gong {Loud rN+ Will+ rCorr EV-5}
rNeg    + . .        C - +15 Maxwell's patent armour {-Cast -Tele rElec Will+ rCorr}
rPois   +            c - +3 crown of Dyrovepreva {rElec Int+2 SInv}
rElec   +            b - -1 cloak of Too Many Cooks {Str+5}
rCorr   +            (no gloves)
SInv    +            R - +1 pair of boots {Stlth+}
Will    +++..        Y - amulet of reflection Stlth
                     z - +6 ring of strength
HPRegen 0.49/turn    A - +6 ring of strength
MPRegen 0.14/turn

%: no teleportation, no spellcasting, reflection
@: paralysed, berserking, resistant, flying, mesmerised, studying Unarmed Combat
A: frail 1, weak 1
a: Renounce Religion, Stomp


You were in the Dungeon.
You worshipped Uskayaw.
Uskayaw was noncommittal.
You visited 1 branch

Inventory:

Hand Weapons
 B - the +16 obsidian axe (weapon) {drain, demonic, Mesm Drain Fly SInv}
   (You found it in the Dungeon)

   Mesm:      Its wielder is mesmerised by any visible foes, and it cannot be
   unequipped while any foes are visible.
   SInv:      It lets you see invisible.
   Fly:       It grants you flight.
   Drain:     It drains your maximum health when unequipped.
 E - the +2 Maxwell's thermic engine {flame, freeze, rev}
   (You found it in the Dungeon)
Armour
 b - the -1 cloak of Too Many Cooks (worn) {Str+5}
   (You found it in the Dungeon)

   Str+5:     It affects your strength (+5).
 c - the +3 crown of Dyrovepreva (worn) {rElec Int+2 SInv}
   (You found it in the Dungeon)

   Int+2:     It affects your intelligence (+2).
   rElec:     It insulates you from electricity.
   SInv:      It lets you see invisible.
 C - the +15 Maxwell's patent armour (worn) {-Cast -Tele rElec Will+ rCorr}
   (You found it in the Dungeon)

   rElec:     It insulates you from electricity.
   Will+:     It increases your willpower.
   -Cast:     It prevents spellcasting.
   -Tele:     It prevents most forms of teleportation.
   rCorr:     It protects you from acid and corrosion.
 D - the +18 shield of the Gong (worn) {Loud rN+ Will+ rCorr EV-5}
   (You found it in the Dungeon)

   Loud:      It is deafeningly noisy when blocking attacks.
   EV-5:      It affects your evasion (-5).
   rN+:       It protects you from negative energy.
   Will+:     It increases your willpower.
   rCorr:     It protects you from acid and corrosion.
 R - a +1 pair of boots of stealth (worn)
 U - a +1 helmet of see invisible
Jewellery
 f - an amulet of faith
 u - a ring of flight
 v - a +6 ring of dexterity
 w - a +6 ring of dexterity
 x - a +6 ring of intelligence
 y - a +6 ring of intelligence
 z - a +6 ring of strength (left hand)
 A - a +6 ring of strength (right hand)
 G - a ring of resist corrosion
 H - the ring of Piydghav {Int+3 SInv}
   (You found it in the Dungeon)

   [ring of see invisible]

   Int+3:     It affects your intelligence (+3).
   SInv:      It lets you see invisible.
 J - the ring of Autumn {Int+6 Dex+6}
   (You found it in the Dungeon)

   [ring of intelligence]

   Int+6:     It affects your intelligence (+6).
   Dex+6:     It affects your dexterity (+6).
 L - a +6 ring of dexterity
 M - a +6 ring of dexterity
 N - a +6 ring of strength
 O - a ring of poison resistance
 P - a ring of protection from cold
 Q - a +6 ring of strength
 W - a ring of fire
 X - an amulet of magic regeneration
 Y - an amulet of reflection (around neck)
 Z - a +6 ring of strength
Wands
 s - a wand of mindburst (12)
 t - a wand of acid (12)
 I - a wand of roots (19)
 K - a wand of flame (33)
 T - a wand of charming (2)
 V - a wand of polymorph (3)
Scrolls
 j - 4 scrolls of blinking
 n - a scroll of brand weapon
 o - 4 scrolls of amnesia
 p - 7 scrolls of fog
 q - 5 scrolls of identify
 r - 2 scrolls of fear
 F - 8 scrolls of enchant armour
 S - 4 scrolls of enchant weapon
Potions
 d - 3 potions of might
 e - 10 potions of curing
 g - 5 potions of haste
 h - 7 potions of magic
 i - 2 potions of berserk rage
 k - 2 potions of brilliance
 l - a potion of invisibility
Miscellaneous
 a - a phantom mirror (inert)


   Skills:
 + Level 16.8 Fighting
 + Level 20.9 Axes
 + Level 13.0 Armour
 + Level 3.3 Dodging
 + Level 21.9 Stealth
 + Level 20.3 Shields
 + Level 1.4 Evocations


You had 14 spell levels left.
You didn't know any spells.
Your spell library contained the following spells:

 Spells                   Type           Power      Damage    Failure   Level
 Apportation              Tloc           0%         N/A       88%         1
 Freeze                   Ice            0%         1d3       88%         1
 Magic Dart               Conj           0%         1d3       88%         1
 Necrotise                Necr           0%         1d4       88%         1
 Sandblast                Erth           0%         2d4       88%         1
 Sting                    Tmut/Pois      0%         1d3       88%         1
 Summon Small Mammal      Summ           0%         N/A       88%         1
 Blink                    Tloc           0%         N/A       95%         2
 Call Imp                 Summ           0%         N/A       95%         2
 Lesser Beckoning         Tloc           0%         N/A       95%         2
 Momentum Strike          Conj/Tloc      0%         3d8       95%         2
 Passwall                 Tmut/Erth      0%         N/A       95%         2
 Poisonous Vapours        Pois/Air       0%         N/A       95%         2
 Static Discharge         Conj/Air       0%         3-3/arc   95%         2
 Wereblood                Tmut           0%         N/A       95%         2
 Confusing Touch          Hex            0%         N/A       99%         3
 Dazzling Flash           Conj/Hex       0%         N/A       99%         3
 Ignite Poison            Fire/Tmut/Pois 0%         N/A       99%         3
 Mephitic Cloud           Conj/Pois/Air  0%         N/A       99%         3
 Ozocubu's Armour         Ice            0%         N/A       99%         3
 Stone Arrow              Conj/Erth      0%         3d7       99%         3
 Tukima's Dance           Hex            0%         N/A       99%         3
 Vampiric Draining        Necr           0%         2d6       99%         3
 Airstrike                Air            0%         2d(0-16)  100%        4
 Animate Armour           Summ/Erth      0%         N/A       100%        4
 Leda's Liquefaction      Hex/Erth       0%         N/A       100%        4
 Summon Lightning Spire   Summ/Air       0%         N/A       100%        4
 Vhi's Electric Charge    Tloc/Air       0%         N/A       100%        4
 Agony                    Necr           0%         N/A       100%        5
 Fireball                 Conj/Fire      0%         3d3       100%        5
 Freezing Cloud           Conj/Ice/Air   0%         6-21      100%        5
 Irradiate                Conj/Tmut      0%         3d11      100%        5
 Lee's Rapid Deconstruct  Erth           0%         3d4*      100%        5
 Yara's Violent Unravell  Hex/Tmut       0%         3d3       100%        5
 Bombard                  Conj/Erth      0%         9d1       100%        6
 Conjure Ball Lightning   Conj/Air       0%         3x3d6     100%        6
 Simulacrum               Ice/Necr       0%         N/A       100%        6
 Starburst                Conj/Fire      0%         6d3       100%        6
 Ozocubu's Refrigeration  Ice            0%         4d7       100%        7
 Discord                  Hex            0%         N/A       100%        8
 Disjunction              Tloc           0%         N/A       100%        8
 Lehudib's Crystal Spear  Conj/Erth      0%         10d2      100%        8
 Polar Vortex             Ice            0%         N/A       100%        9


Dungeon Overview and Level Annotations

Branches:
Dungeon (1/1)

Altars:
Ashenzari
Cheibriados
Dithmenos
Elyvilon
Fedhas
Gozag
Hepliaklqana
Kikubaaqudgha
Makhleb
Nemelex Xobeh
Okawaru
Qazlal
Ru
Sif Muna
Trog
Uskayaw
Vehumet
Wu Jian
Xom
Yredelemnul
Zin
The Shining One
Jiyva
Lugonu


Innate Abilities, Weirdness & Mutations

You are frail. (-10% HP)
You are weak. (Str -2)


Message History

A storm dragon comes into view.
A spriggan air mage comes into view. It is wielding a staff of fire.
Found eight items.
A wind drake comes into view.
Your storm dragon completely misses the spriggan air mage.
Your storm dragon claws the spriggan air mage.
Your storm dragon barely misses the spriggan air mage.
The spriggan air mage gestures at you while chanting.
The bolt of lightning misses the air elemental.
The bolt of lightning hits you! You resist.
The spriggan air mage waves its arms in wide circles.
The air twists around and strikes you.
The spriggan air mage waves its arms in wide circles.
The air twists around and strikes you!!!
The spriggan air mage waves its arms in wide circles.
The air twists around and strikes you!!
* * * LOW HITPOINT WARNING * * *
The storm dragon bites your storm dragon.
The storm dragon claws your storm dragon.
The storm dragon tramples your storm dragon.
Your storm dragon holds its ground!
A red film seems to cover your vision as you go berserk!
You feel yourself moving faster!
You feel mighty!
The air elemental fires a burst of electricity at you.
The stunning burst hits you but does no damage.
You suddenly lose the ability to move!
Your storm dragon closely misses the storm dragon.
Your storm dragon claws the storm dragon but does no damage.
Your storm dragon tramples the storm dragon but does no damage.
The spriggan air mage gestures at you while chanting.
The bolt of lightning hits you! You resist.
* * * LOW HITPOINT WARNING * * *
The spriggan air mage waves its arms in wide circles.
The air twists around and strikes you.
* * * LOW HITPOINT WARNING * * *
The spriggan air mage waves its arms in wide circles.
The air twists around and strikes you.
The spriggan air mage waves its arms in wide circles.
The air twists around and strikes you!!
You die...

▓.........
▓.)?=[[[|./=i.▓......)..
▓..:D)k:/))|..▓....)))..
▓..iDi.EkD....▓....).)..
▓....iikiii...▓......)..
▓....Di.......▓.........
▓.....ii......▓.....©...
▓......E......▓▓▓▓▓▓▓▓▓▓
▓...@...▓ ▓...8©8... ▓
▓▓.....▓▓ ▓..)).)...
▓..▓.......▓..▓...)..|..
▓.............▓.....)...
▓......©......▓....)))..
▓▓▓▓▓▓▓▓▓▓▓▓▓▓▓...)())..
▓.....)... ▓..▓...▓..
▓.........


You could see 3 storm dragons, 3 wind drakes, 11 spriggan air magi, 2 air
elementals and a friendly storm dragon (summoned, drained).

Vanquished Creatures
  A lich (D)
  A deep elf master archer (D)
  6 ancient champions (D)
  A vault warden (D)
  An orc warlord (D)
  A very ugly thing (D)
  A draconian shifter (D)
  A green draconian (D)
  5 war gargoyles (D)
  2 ironbound thunderhulks (D)
  4 black draconians (D)
  A vampire knight (D)
  A yellow draconian (D)
  2 purple draconians (D)
  4 red draconians (D)
  A white draconian (D)
  A yaktaur captain (D)
  3 hydras (D)
  2 spriggan air magi (D)
  A centaur warrior (D)
  A dancing weapon (D)
  A spriggan berserker (D)
  2 deep elf knights (D)
  A fire crab (shapeshifter) (D)
  An ironbound convoker (D)
  A spriggan druid (D)
  A necromancer (D)
  A harpy (shapeshifter) (D)
  An orc sorcerer (D)
  2 deep elf pyromancers (D)
  A mana viper (shapeshifter) (D)
  3 orc knights (D)
  4 ugly things (D)
  3 cyclopes (D)
  A harpy (D)
  A shining eye (D)
  A moth of wrath (D)
  A guardian serpent (shapeshifter) (D)
  A black mamba (D)
  2 cane toads (D)
  A yaktaur (D)
  A rime drake (D)
  A yaktaur (shapeshifter) (D)
  A guardian mummy (D)
  A merfolk (shapeshifter) (D)
  A wind drake (D)
  A tarantella (shapeshifter) (D)
  A tyrant leech (shapeshifter) (D)
  A blink frog (D)
  2 raiju (shapeshifter) (D)
  A jumping spider (shapeshifter) (D)
  A slime creature (D)
  A shadow (D)
  A slime creature (shapeshifter) (D)
  A yak (D)
  A basilisk (D)
  A golden eye (D)
  A redback (D)
  3 neqoxecs (D)
  A redback (shapeshifter) (D)
  A swamp worm (shapeshifter) (D)
  A warg (D)
  A water moccasin (D)
  A hell hound (D)
  An orc warrior (D)
  An ogre (D)
  3 centaurs (D)
  4 necrophages (D)
  2 wights (D)
  2 jellies (D)
  4 orc priests (D)
  5 orc wizards (D)
  A mummy (D)
  An ufetubus (D)
  An adder zombie (D)
  2 orcs (D)
  An endoplasm (D)
  A giant cockroach zombie (D)
  A jackal zombie (D)
  A quokka skeleton (D)
128 creatures vanquished.

Vanquished Creatures (collateral kills)
  A caustic shrike (D)
  A vampire knight (D)
  A yellow draconian (D)
  An ugly thing (D)
  2 yaktaurs (D)
  A human (shapeshifter) (D)
  2 phantoms (D)
  A centaur (D)
  A necrophage (D)
  2 wights (D)
  2 adder zombies (D)
  2 ball python skeletons (D)
  A giant cockroach zombie (D)
  A quokka skeleton (D)
19 creatures vanquished.

Vanquished Creatures (others)
  A merfolk javelineer (D)
  3 cyclopes (D)
4 creatures vanquished.

Grand Total: 151 creatures vanquished

Notes
Turn   | Place    | Note
-------+----------+-------------------------------------------
     0 | D        | fingers the Human Fighter began the quest for the Orb.
     0 | D        | Reached XP level 1. HP: 18/18 MP: 1/1
     0 | D        | Found a shimmering blue altar of Sif Muna.
     0 | D        | Found a bloodstained altar of Trog.
     0 | D        | Found a sacrificial altar of Ru.
     0 | D        | Found a stormy altar of Qazlal.
     0 | D        | Found an iron altar of Okawaru.
     1 | D        | Found a sparkling altar of Nemelex Xobeh.
     1 | D        | Found a blossoming altar of Fedhas.
     1 | D        | Found the +6 Majin-Bo {spellvamp, MP+6 Int+6}
     1 | D        | Found the +27 heavy crossbow "Sniper" {heavy, Acc+∞ SInv}
     1 | D        | Found the +10 dark maul {heavy}
     1 | D        | Found the +15 Maxwell's patent armour {-Cast -Tele rElec
                  | Will+ rCorr}
     1 | D        | Found the +18 shield of the Gong {Loud rN+ Will+ rCorr
                  | EV-5}
     1 | D        | Found the +16 obsidian axe {drain, demonic, Mesm Drain Fly
                  | SInv}
     1 | D        | Found the +7 great mace "Firestarter" {flame, immolate,
                  | rFlCloud rF++}
     1 | D        | Found the +6 shillelagh "Devastator" {shatter}
     1 | D        | Found the +11 plutonium sword {Contam Stlth-}
     1 | D        | Found the +8 lance "Wyrmbane" {slay drac, rPois rF+ rC+
                  | AC+3}
     1 | D        | Found the +9 sword of Zonguldrok {reap}
     1 | D        | Found the +13 scythe of Curses {drain, curses, Drain}
     1 | D        | Found the +9 sword of Power {lifebolt}
     1 | D        | Found the +7 mace of Variability {chaos, chaos arc}
     1 | D        | Found the +11 Singing Sword {sonic wave}
     1 | D        | Found the +8 storm bow {elec, penet}
     3 | D        | Found a transporter.
     3 | D        | Found an ancient bone altar of Kikubaaqudgha.
     3 | D        | Found a viscous altar of Jiyva.
     3 | D        | Found a corrupted altar of Lugonu.
     3 | D        | Found a hazy altar of Hepliaklqana.
     3 | D        | Found a burning altar of Makhleb.
     3 | D        | Found an opulent altar of Gozag.
    64 | D        | Became a worshipper of Uskayaw the Reveller
    81 | D        | Reached skill level 5 in Shields
    81 | D        | Reached XP level 2. HP: 25/25 MP: 2/2
    84 | D        | Entered arena 2.
    84 | D        | Noticed a guardian mummy
    84 | D        | Found a transporter.
    87 | D        | Reached * piety under Uskayaw
    88 | D        | Reached ** piety under Uskayaw
    93 | D        | Killed a guardian mummy
    93 | D        | Reached *** piety under Uskayaw
    94 | D        | Reached XP level 3. HP: 14/35 MP: 3/3
    94 | D        | Reached XP level 4. HP: 17/41 MP: 4/4
    94 | D        | Reached XP level 5. HP: 20/47 MP: 5/5
    94 | D        | Reached XP level 6. HP: 22/53 MP: 6/6
   209 | D        | Entered arena 3.
   209 | D        | Found the +2 Maxwell's thermic engine {flame, freeze, rev}
   209 | D        | Noticed a hell hound
   209 | D        | Found a transporter.
   213 | D        | Killed a hell hound
   225 | D        | Entered arena 4.
   225 | D        | Noticed a golden eye
   225 | D        | Found a transporter.
   229 | D        | Reached XP level 7. HP: 52/61 MP: 7/7
   230 | D        | Killed a golden eye
   231 | D        | Reached skill level 1 in Stealth
   244 | D        | Entered arena 5.
   244 | D        | Noticed a yaktaur
   244 | D        | Noticed a yaktaur
   244 | D        | Found a transporter.
   248 | D        | Killed a yaktaur
   249 | D        | Reached skill level 2 in Stealth
   249 | D        | Reached XP level 8. HP: 22/69 MP: 8/8
   250 | D        | Killed a yaktaur
   251 | D        | Reached skill level 3 in Stealth
   251 | D        | Reached skill level 10 in Shields
   254 | D        | Reached skill level 10 in Axes
   255 | D        | Got the ring of Piydghav {Int+3 SInv}
   326 | D        | Entered arena 6.
   326 | D        | Noticed a deep elf pyromancer
   326 | D        | Noticed a deep elf knight
   326 | D        | Noticed a +0 trident of protection
   326 | D        | Noticed a deep elf pyromancer
   326 | D        | Noticed a deep elf knight
   326 | D        | Found a transporter.
   333 | D        | Killed a +0 trident of protection
   333 | D        | Killed a deep elf pyromancer
   333 | D        | Killed a deep elf knight
   334 | D        | Reached skill level 10 in Fighting
   334 | D        | Reached skill level 5 in Stealth
   334 | D        | Reached XP level 9. HP: 76/79 MP: 9/9
   336 | D        | Reached **** piety under Uskayaw
   337 | D        | Killed a deep elf knight
   337 | D        | Reached ***** piety under Uskayaw
   338 | D        | Reached XP level 10. HP: 66/86 MP: 10/10
   339 | D        | Killed a deep elf pyromancer
   349 | D        | Got the ring of Autumn {Int+6 Dex+6}
   351 | D        | Got the Meditations on Conduction
   354 | D        | Entered arena 7.
   355 | D        | Found a transporter.
   363 | D        | Reached skill level 6 in Stealth
   376 | D        | Entered arena 8.
   377 | D        | Found a transporter.
   394 | D        | Entered arena 9.
   394 | D        | Noticed a green ugly thing
   394 | D        | Noticed a brown ugly thing
   394 | D        | Noticed a purple ugly thing
   395 | D        | Found a transporter.
   400 | D        | Killed a purple ugly thing
   400 | D        | Killed a green ugly thing
   404 | D        | Killed a brown ugly thing
   405 | D        | Reached skill level 15 in Axes
   405 | D        | Reached skill level 1 in Dodging
   405 | D        | Reached XP level 11. HP: 78/93 MP: 11/11
   421 | D        | Entered arena 10.
   421 | D        | Noticed a harpy
   421 | D        | Noticed a vault warden
   421 | D        | Noticed a yaktaur captain
   421 | D        | Noticed an ironbound thunderhulk
   421 | D        | Noticed an ironbound thunderhulk
   421 | D        | Noticed an ironbound convoker
   424 | D        | Found a transporter.
   431 | D        | Killed a vault warden
   431 | D        | Killed a harpy
   431 | D        | Killed a yaktaur captain
   431 | D        | Killed an ironbound convoker
   432 | D        | Reached skill level 8 in Stealth
   432 | D        | Reached skill level 15 in Shields
   436 | D        | Killed an ironbound thunderhulk
   439 | D        | Killed an ironbound thunderhulk
   439 | D        | Reached ****** piety under Uskayaw
   440 | D        | Reached skill level 9 in Stealth
   592 | D        | Entered arena 11.
   593 | D        | Found a transporter.
   619 | D        | Entered arena 12.
   619 | D        | Noticed a cyclops
   619 | D        | Noticed a deep elf master archer
   619 | D        | Noticed a cyclops
   619 | D        | Noticed a cyclops
   619 | D        | Noticed a cyclops
   620 | D        | Noticed a cyclops
   621 | D        | Noticed a merfolk javelineer
   622 | D        | Noticed a centaur warrior
   627 | D        | Found a transporter.
   628 | D        | Killed a cyclops
   629 | D        | Killed a cyclops
   631 | D        | Killed a merfolk javelineer
   634 | D        | Killed a cyclops
   637 | D        | Killed a deep elf master archer
   637 | D        | Killed a cyclops
   638 | D        | Reached skill level 10 in Stealth
   638 | D        | Reached skill level 1 in Evocations
   638 | D        | Reached XP level 12. HP: 84/103 MP: 12/12
   652 | D        | Killed a centaur warrior
   740 | D        | Entered arena 13.
   740 | D        | Noticed an orc warlord
   742 | D        | Found a transporter.
   748 | D        | Killed an orc warlord
   749 | D        | Reached skill level 11 in Stealth
   750 | D        | Reached skill level 12 in Stealth
   853 | D        | Got Modaz's Vademecum on Unfortunate Calefaction
   863 | D        | Got Riblil's Lessons on Changed Earth
   868 | D        | Entered arena 14.
   869 | D        | Noticed a war gargoyle
   869 | D        | Noticed an ancient champion
   869 | D        | Noticed a war gargoyle
   869 | D        | Noticed an ancient champion
   869 | D        | Noticed a war gargoyle
   870 | D        | Noticed a war gargoyle
   870 | D        | Noticed an ancient champion
   870 | D        | Noticed an ancient champion
   870 | D        | Noticed a war gargoyle
   870 | D        | Noticed a caustic shrike
   870 | D        | Noticed an ancient champion
   870 | D        | Noticed an ancient champion
   871 | D        | Found a transporter.
   877 | D        | Killed a war gargoyle
   878 | D        | Killed a war gargoyle
   878 | D        | Killed an ancient champion
   879 | D        | Reached skill level 13 in Stealth
   879 | D        | Killed an ancient champion
   879 | D        | Killed a war gargoyle
   880 | D        | Reached skill level 14 in Stealth
   880 | D        | Reached XP level 13. HP: 109/112 MP: 13/13
   880 | D        | Killed a war gargoyle
   880 | D        | Killed an ancient champion
   880 | D        | Killed an ancient champion
   881 | D        | Reached skill level 10 in Armour
   881 | D        | Reached skill level 15 in Stealth
   881 | D        | Killed a war gargoyle
   881 | D        | Killed an ancient champion
   882 | D        | Reached skill level 16 in Stealth
   885 | D        | Killed an ancient champion
   886 | D        | Killed a caustic shrike
  1039 | D        | Got the Incunabulum of Rime and Stones
  1051 | D        | Entered arena 15.
  1052 | D        | Noticed a vampire knight
  1053 | D        | Noticed a vampire knight
  1053 | D        | Noticed a lich
  1054 | D        | Found a transporter.
  1060 | D        | Killed a lich
  1061 | D        | Reached skill level 17 in Stealth
  1062 | D        | Killed a vampire knight
  1065 | D        | Killed a vampire knight
  1078 | D        | Entered arena 16.
  1079 | D        | Noticed an eight-headed hydra
  1079 | D        | Found the +8 demon trident "Rift" {distort, reach+}
  1079 | D        | Noticed an eight-headed hydra
  1080 | D        | Noticed a spriggan air mage
  1081 | D        | Noticed an eight-headed hydra
  1081 | D        | Noticed a spriggan air mage
  1086 | D        | Found a transporter.
  1088 | D        | Reached XP level 14. HP: 104/121 MP: 14/14
  1089 | D        | Reached skill level 18 in Stealth
  1092 | D        | Reached skill level 15 in Fighting
  1094 | D        | Reached skill level 19 in Stealth
  1116 | D        | Got Sif Muna's Meditations on the Volcano
  1129 | D        | Got Tudo's Book of the Voltaic Black Widow
  1133 | D        | Entered arena 17.
  1136 | D        | Noticed a black draconian
  1136 | D        | Noticed a purple draconian shifter
  1136 | D        | Noticed a yellow draconian
  1136 | D        | Noticed a white draconian
  1136 | D        | Noticed a black draconian
  1136 | D        | Noticed a red draconian
  1136 | D        | Noticed a yellow draconian
  1136 | D        | Noticed a green draconian
  1137 | D        | Identified the amulet of Ceditosch {rPois Regen+ Dex+3}
  1137 | D        | Noticed a purple draconian
  1137 | D        | Noticed a black draconian
  1137 | D        | Noticed a red draconian
  1137 | D        | Noticed a black draconian
  1137 | D        | Noticed a red draconian
  1138 | D        | Noticed a purple draconian
  1139 | D        | Noticed a red draconian
  1144 | D        | Found a transporter.
  1145 | D        | Killed a yellow draconian
  1145 | D        | Killed a black draconian
  1145 | D        | Killed a white draconian
  1147 | D        | Killed a purple draconian
  1147 | D        | Killed a black draconian
  1147 | D        | Killed a purple draconian
  1147 | D        | Killed a red draconian
  1148 | D        | Reached skill level 20 in Stealth
  1149 | D        | Killed a red draconian
  1150 | D        | Killed a black draconian
  1150 | D        | Killed a red draconian
  1150 | D        | Killed a red draconian
  1150 | D        | Killed a yellow draconian
  1151 | D        | Killed a green draconian
  1151 | D        | Killed a black draconian
  1152 | D        | Reached skill level 21 in Stealth
  1156 | D        | Killed a purple draconian shifter
  1365 | D        | Got the Omnibus of Transfiguration
  1382 | D        | Entered arena 18.
  1394 | D        | Gained mutation: You are weak. (Str -2) [a neqoxec]
  1395 | D        | Noticed a cyan very ugly thing
  1397 | D        | Found the +3 crown of Dyrovepreva {rElec Int+2 SInv}
  1403 | D        | Reached XP level 15. HP: 125/132 MP: 15/15
  1403 | D        | Gained mutation: You are frail. (-10% HP) [a neqoxec]
  1407 | D        | Found a transporter.
  1412 | D        | Killed a purple very ugly thing
  1452 | D        | Got the -1 cloak of Too Many Cooks {Str+5}
  1464 | D        | Entered arena 19.
  1467 | D        | Noticed a storm dragon
  1467 | D        | Found the +7 captain's cutlass {speed, disarm}
  1468 | D        | Noticed a storm dragon
  1468 | D        | Paralysed by an air elemental for 1 turns
  1470 | D        | Noticed a storm dragon
  1470 | D        | Found the +3 pair of mountain boots {steadfast, rC+}
  1471 | D        | Paralysed by an air elemental for 1 turns
  1471 | D        | Killed from afar by a spriggan air mage

Illustrated notes

Levels and vault maps discovered:
D:        sprint_v [room_start, room_1, room_2, room_3, room_4, room_5, room_6,
          room_7, room_8, room_9, room_10, room_11, room_12, room_13, room_14,
          room_15, room_16, room_17, room_18, room_19, room_20, room_21,
          room_22, room_23, room_24, room_25, room_26, room_27]

Skill      XL: |  1  2  3  4  5  6  7  8  9 10 11 12 13 14 15 |
---------------+----------------------------------------------+-----
Fighting       | 4 6 7 8 10 11 12 13 14 16 | 16.8
Axes           | 4 6 7 9 12 13 15 17 18 19 20 | 20.9
Armour         | 4 6 7 8 9 11 12 13 | 13.0
Shields        | 5 7 8 9 12 14 16 17 18 20 | 20.3
Stealth        | 2 5 6 10 14 17 21 | 21.9
Dodging        | 1 2 3 |  3.3
Evocations     | 1 |  1.4

Action                     |  1- 3 |  4- 6 |  7- 9 | 10-12 | 13-15 || total
---------------------------+-------+-------+-------+-------+-------++-------
  Melee: Broad axe         |     8 |     5 |    13 |    56 |    58 ||   140
 Invoke: Stomp             |       |       |       |     3 |       ||     3
  Evoke: Wand              |       |       |       |     3 |       ||     3
         Phantom mirror    |       |       |       |       |     2 ||     2
    Use: Potion            |     1 |       |     2 |    15 |     7 ||    25
   Stab: Paralysed         |       |       |     2 |    26 |    17 ||    45
         Invisible         |       |       |       |     5 |       ||     5
 Armour: Plate armour      |     3 |     3 |    21 |    52 |    67 ||   146
  Dodge: Dodged            |       |       |     2 |     3 |     5 ||    10
  Block: Kite shield       |     8 |     7 |    44 |   128 |    90 ||   277

Table legend: (Time is in decaauts)
 A = Elapsed time spent in this place.
 B = Non-inter-level travel time spent in this place.
 C = Inter-level travel time spent in this place.
 D = Time resting spent in this place.
 E = Time spent auto-exploring this place.
 F = Levels seen in this place.
 G = Mean time per level.
                   A        B        C        D        E       F      G
               +--------+--------+--------+--------+--------+-----+--------+
         Total |   1383 |   1383 |      0 |      0 |    778 |   1 | 1383.0 |
       Dungeon |   1383 |   1383 |      0 |      0 |    778 |   1 | 1383.0 |
               +--------+--------+--------+--------+--------+-----+--------+

Top non-repeatable levels by time:
       D: 1383 daAuts
